Map: Arctic Dream LE

Players

Griselbrand

  • Race: Protoss Protoss
  • League: Platinum
  • Spawn Location: 11:00

Era

  • Race: Protoss Protoss
  • League: Diamond
  • Spawn Location: 12:00

qqq - Winner!

  • Race: Terran Terran
  • League: Platinum
  • Spawn Location: 6:00

Massa - Winner!

  • Race: Terran Terran
  • League: Gold
  • Spawn Location: 5:00

VOD

Have the link to the VOD?

Description

Time

  • Played on: Aug. 11, 2020, 11:43 a.m.
  • Length: 5:48
Show
View Real Time Build Order
Export as new Build Order

Griselbrand Protoss 

Build Orders:  

Get SALT Encoding   

  12  0:04  Probe (Chrono Boost)  
  13  0:18  Pylon  
  13  0:29  Probe  
  14  0:36  Forge  
  14  0:41  Probe  
  15  1:07  Pylon  
  15  1:36  Photon Cannon  
  15  1:37  Photon Cannon  
  15  2:03  Gateway  
  15  2:15  Nexus  
  15  2:59  Pylon  
  15  3:15  Cybernetics Core  
  15  3:17  Probe (Chrono Boost)  
  15  3:19  Assimilator  
  16  3:21  Assimilator  
  17  3:27  Probe (Chrono Boost)  
  17  3:32  Probe (Chrono Boost)  
  18  3:43  Probe  
  19  4:26  Photon Cannon  
  19  4:30  Shield Battery  
  19  4:32  Shield Battery  
  19  4:47  Gateway  
  19  4:49  Gateway  
  19  4:51  Probe x2 (Chrono Boost)  
  23  5:00  Probe (Chrono Boost)  
  23  5:01  Probe (Chrono Boost)  
Show
View Real Time Build Order
Export as new Build Order

Era Protoss 

Build Orders:  

Get SALT Encoding   

  12  0:00  Probe  
  13  0:12  Probe  
  14  0:17  Pylon  
  14  0:24  Probe (Chrono Boost)  
  16  0:36  Probe (Chrono Boost)  
  16  0:38  Forge  
  16  0:44  Probe (Chrono Boost)  
  17  0:51  Probe  
  18  1:03  Pylon  
  18  1:05  Probe  
  19  1:17  Probe  
  20  1:19  Pylon  
  20  1:23  Photon Cannon  
  20  1:30  Probe  
  20  1:31  Assimilator  
  21  1:38  Gateway  
  21  1:42  Probe  
  22  1:52  Photon Cannon  
  22  2:08  Probe  
  23  2:24  Pylon  
  23  2:30  Nexus  
  23  2:35  Zealot  
  25  2:49  Photon Cannon  
  25  2:59  Photon Cannon  
  25  3:10  Photon Cannon  
  25  3:15  Cybernetics Core  
  25  3:25  Pylon  
  25  3:34  Zealot  
  27  3:56  Probe  
  27  3:58  Assimilator  
  27  4:02  Probe  
  29  4:08  Probe  
  30  4:14  Probe  
  31  4:31  Probe x2  
  33  4:41  Shield Battery  
  33  4:43  Probe (Chrono Boost)  
  33  4:44  Probe (Chrono Boost)  
  35  4:55  Probe (Chrono Boost)  
  35  4:56  Probe (Chrono Boost)  
  37  5:01  Probe (Chrono Boost)  
  38  5:14  Stargate  
  38  5:15  Pylon  
  38  5:18  Stargate  
  36  5:35  Assimilator  
  34  5:37  Assimilator  
Show
View Real Time Build Order
Export as new Build Order

qqq Terran - Winner!

Build Orders:  

Get SALT Encoding   

  12  0:03  SCV  
  13  0:15  SCV  
  13  0:19  Supply Depot  
  14  0:27  SCV  
  15  0:41  SCV  
  16  0:45  Barracks  
  16  0:53  SCV, Supply Depot  
  17  1:05  SCV  
  17  1:09  Barracks  
  18  1:17  SCV  
  19  1:29  SCV  
  20  1:41  Barracks  
  20  1:44  Marine  
  21  1:49  Refinery  
  21  1:53  SCV  
  22  1:58  Marine  
  23  2:02  Marine  
  24  2:16  Marine  
  24  2:18  Barracks  
  24  2:20  Marine  
  27  2:30  Supply Depot  
  27  2:34  Marine  
  27  2:37  Barracks Tech Lab, Marine  
  28  2:52  Marine  
  28  2:55  Marine  
  30  3:02  Factory  
  30  3:07  Marine x2  
  30  3:10  Marine  
  33  3:13  Marine  
  34  3:25  Marine x2  
  36  3:27  Marine  
  36  3:31  Marine  
  35  3:43  Marine x2  
  35  3:45  Refinery, SCV, Marine, Command Center  
  39  3:59  Marine  
  37  4:07  Factory Tech Lab  
  38  4:10  Marauder, Marine  
  39  4:17  Marine  
  37  4:26  Marine  
  37  4:28  Marine  
  38  4:41  Supply Depot  
  38  4:43  Marauder  
  39  4:56  Siege Tank  
  42  5:04  Marauder  
Show
View Real Time Build Order
Export as new Build Order

Massa Terran - Winner!

Build Orders:  

Get SALT Encoding   

  12  0:01  SCV  
  13  0:13  SCV  
  14  0:17  Supply Depot  
  14  0:25  SCV  
  15  0:40  SCV, Barracks  
  16  0:52  SCV  
  16  0:54  Supply Depot  
  17  1:04  SCV  
  18  1:12  Barracks  
  18  1:16  SCV  
  19  1:27  Marine  
  19  1:28  SCV  
  21  1:43  Refinery  
  21  1:44  Orbital Command  
  21  1:45  Marine  
  22  2:02  Marine  
  23  2:20  Marine  
  23  2:39  Supply Depot  
  23  2:42  Supply Depot  
  22  3:00  Marine  
  23  3:10  Factory  
  23  3:14  Barracks  
  23  3:18  Marine  
  24  3:20  Command Center  
  22  3:36  Marine  
  23  3:43  SCV  
  24  3:53  Factory Tech Lab  
  24  3:54  Marine  
  24  3:55  SCV  
  26  4:07  SCV  
  26  4:12  Marine  
  27  4:20  Siege Tank  
  27  4:23  Barracks Tech Lab  
  30  4:27  SCV  
  30  4:29  Marine  
  32  4:39  SCV  
  32  4:40  Barracks  
  32  4:42  Marauder  
  32  4:44  Barracks  
  35  4:47  Marine  
  35  4:50  Engineering Bay  
  35  4:51  SCV  
  37  4:55  Supply Depot  
  37  5:03  SCV  
  37  5:04  Marauder  
  40  5:12  Siege Tank  
  40  5:13  Marine  
  44  5:20  Supply Depot  
  44  5:22  Refinery  
  44  5:25  Marauder  
Tags
 
Add a new tag
Caveats
  • Supply blocks, unpowered buildings, or Contaminate may cause inaccurate times.
  • Supply counts are checked every 10 seconds.